cohdb
Replays
Latest Replays
All Replays
Popular Replays
Top Player Replays
Match Explorer
How It Works
Community
CoH3 Stats
Reddit
Sign in to upload your games and track your stats! →
Sign in with Steam
Match 47135730
Unlisted
Match 47135730
Overview
Messages
Build Orders
End
Kettenkrad Recon Vehicle
Selects Italian Coastal Battlegroup
Selects Coastal Reserves
Coastal Reserve
Construct Infanterie Kompanie
Selects Artillery Officer
Artillery Officer
Construct Luftwaffe Kompanie
Jäger Squad
Jäger Squad
Luftwaffe Officer Quarters
Forward Retreat Point
Jäger Squad
Jäger Squad
Captain Conan ✠ ✠
Weiß Kopf
Quintoni
daxby9
TheJackalope
Serial Chiller
CrackDust
Superior
0
0
Comments
sign in to comment!
No comments posted yet!